 Dungeon Crawl Stone Soup version 0.18-a0-1109-gfc003ac (webtiles) character file.

40 4thArraOfDagon the Skirmisher (level 3, 0/31 HPs)
             Began as a Draconian Abyssal Knight on Jan 16, 2016.
             Was a Follower of Lugonu.
             Slain by nublet's ghost (4 damage)
             ... on level 3 of the Dungeon.
             The game lasted 00:03:01 (538 turns).

4thArraOfDagon the Skirmisher (DrAK)                 Turns: 538, Time: 00:03:02

Health: 0/31       AC:  5    Str: 14    XL:     3   Next: 30%
Magic:  4/4        EV:  7    Int: 12    God:    Lugonu [*.....]
Gold:   21         SH:  0    Dex: 11    Spells: 0 memorised, 2 levels left

rFire  . . .     SeeInvis .       - Unarmed
rCold  . . .     Gourm    .     (armour unavailable)
rNeg   . . .     Faith    .     (no shield)
rPois  .         Spirit   .     (helmet restricted)
rElec  .         Dismiss  .     (no cloak)
rCorr  .         Reflect  .     (no gloves)
SustAt .         Harm     .     (no boots)
MR     .....                    (no amulet)
Stlth  +.........               (no ring)
                                (no ring)

@: not resistant to hostile enchantments, very unstealthy
A: unfitting armour, cold-blooded, AC +5
a: Depart the Abyss, Renounce Religion


You were on level 3 of the Dungeon.
You worshipped Lugonu.
Lugonu was aware of your devotion.
You were not hungry.

You visited 1 branch of the dungeon, and saw 3 of its levels.
You visited the Abyss 1 time.

You collected 21 gold pieces.

Inventory:

Scrolls
 c - 3 scrolls of identify {unknown}
 d - a scroll of amnesia {unknown}
 e - a scroll of blinking {unknown}
 f - a scroll of enchant weapon {unknown}
 g - a scroll of magic mapping {unknown}
 j - a scroll of remove curse {unknown}
 k - 2 scrolls of random uselessness {unknown}
Potions
 h - a potion of invisibility {unknown}
Comestibles
 a - 2 bread rations
 i - a slice of pizza


   Skills:
 + Level 3.6 Fighting
 + Level 2.3 Dodging
 * Level 3.0 Unarmed Combat
 + Level 2.4 Invocations


You had 2 spell levels left.
You didn't know any spells.

Dungeon Overview and Level Annotations

Branches:
Dungeon (3/15)

Altars:
Kikubaaqudgha
Makhleb
Zin

Annotations:
D:3 nublet's ghost, amateur CeIE


Innate Abilities, Weirdness & Mutations

Your plain brown scales are hard (AC +5).
Your body does not fit into most forms of armour.
You are cold-blooded and may be slowed by cold attacks.


Message History

The jackal barely misses you. x2
Unknown command.
You feel yourself speed up.
The jackal bites you but does no damage.
The jackal barely misses you. Nublet's ghost hits you.
* * * LOW HITPOINT WARNING * * *
The jackal barely misses you.
Unknown command.
The jackal closely misses you.
Found a potion of heal wounds.
Unknown command.
The jackal bites you but does no damage.
The jackal barely misses you.
Unknown command.
Nublet's ghost hits you.
* * * LOW HITPOINT WARNING * * *
There is a stone staircase leading down here.
Unknown command.
Nublet's ghost hits you.
You die...

########### #.........#
#.........####
####..>.........## .
.................## ...
.....<............##....
..............lW........
.....<........hh@..#..
.......$.......h..##
..................#
....................
....................#
.................⌠..#
............!#......#
.h..... .....#.......
......


You could see nublet's ghost, a giant gecko and 3 jackals.

Vanquished Creatures
  2 adders (D:2)
  A giant gecko (D:1)
  4 bats
  A giant cockroach (D:1)
  2 goblins
  4 hobgoblins
  3 kobolds
  3 rats
20 creatures vanquished.

Notes
Turn   | Place    | Note
--------------------------------------------------------------
     0 | Abyss:1  | 4thArraOfDagon the Draconian Abyssal Knight began the quest for the Orb.
     0 | Abyss:1  | Reached XP level 1. HP: 19/19 MP: 2/2
    44 | D:1      | Escaped the Abyss
   168 | D:1      | Reached XP level 2. HP: 16/26 MP: 3/3
   260 | D:2      | Reached * piety under Lugonu
   345 | D:2      | Reached XP level 3. HP: 19/31 MP: 4/4
   490 | D:2      | Found a burning altar of Makhleb.
   492 | D:2      | Found a glowing silver altar of Zin.
   492 | D:2      | Found an ancient bone altar of Kikubaaqudgha.
   514 | D:3      | Noticed nublet's ghost (amateur CeIE)
   538 | D:3      | Slain by nublet's ghost

Vault maps used:
D:1:      lightli_molten_gateway, grunt_decor_arrowhead
D:2:      grunt_temple_overflow_open, nrook_mini_backslash,
          hangedman_decor_peaks_small, minmay_unequal
D:3:      solitary_fountain

Action                   || total
-------------------------++-------
Melee: Unarmed           ||    91
Invok: Depart the Abyss  ||     1
  Use: Potion            ||     2
 Stab: Sleeping          ||     1
